 Dungeon Crawl Stone Soup version 0.26-a0-784-g51bffae0b1 (webtiles) character file.

Game seed: 1544609901766975772

539 Decritt the Cutter (level 7, -5/47 HPs)
             Began as a Halfling Monk on Nov 9, 2020.
             Splashed by a jelly's acid (9 damage)
             ... on level 5 of the Dungeon on Nov 10, 2020.
             The game lasted 00:15:24 (4785 turns).

Decritt the Cutter (Halfling Monk)                  Turns: 4785, Time: 00:15:25

Health: -5/47      AC: -7    Str: 12    XL:     7   Next: 51%
Magic:  7/7        EV: 15    Int:  8    God:
Gold:   113        SH:  6    Dex: 19    Spells: 6/6 levels left

rFire    . . .     SeeInvis .   v - +0 dagger (vamp)
rCold    . . .     Faith    .   s - +0 buckler
rNeg     . . .     Spirit   .   e - +0 leather armour
rPois    .         Reflect  .   (no helmet)
rElec    .         Harm     .   (no cloak)
rCorr    .         Rampage  .   g - +0 pair of gloves
MR       .....                  (no boots)
Stlth    +++.......             (no amulet)
HPRegen  0.15/turn              (no ring)
MPRegen  0.10/turn              (no ring)

@: corroded
A: small, mutation resistance 1
a: no special abilities


You were on level 5 of the Dungeon.
You visited 2 branches of the dungeon, and saw 6 of its levels.
You also visited: Ossuary.

You collected 209 gold pieces.
You spent 96 gold pieces at shops.

Inventory:

Hand Weapons
 v - a +0 vampiric dagger (weapon)
Armour
 e - a +0 leather armour (worn)
 g - a +0 pair of gloves (worn)
 s - a +0 buckler (worn)
Scrolls
 a - a scroll of teleportation
 l - a scroll of remove curse
 p - a scroll of amnesia
 r - a scroll of identify
 t - 2 scrolls of noise
Potions
 c - a potion of cancellation
 f - 2 potions of curing
 k - a potion of flight
 o - a potion of resistance {unknown}
 q - a potion of mutation {unknown}
 u - a potion of attraction


   Skills:
 + Level 3.7 Fighting
 * Level 6.0 Short Blades
 * Level 4.2 Armour
 - Level 3.2 Dodging
 + Level 3.9 Stealth
 * Level 2.5 Shields


You had 6 spell levels left.
You didn't know any spells.
Your spell library was empty.

Dungeon Overview and Level Annotations

Branches:
Dungeon (5/15)             Temple (1/1) D:4         Ossuary (visited)

Altars:
Ashenzari
Elyvilon
Gozag
Hepliaklqana
Kikubaaqudgha
Makhleb
Nemelex Xobeh
Okawaru
Qazlal
Ru
Sif Muna
Trog
Vehumet
Xom
Yredelemnul
Zin
The Shining One

Shops:
D:5 (


Innate Abilities, Weirdness & Mutations

You are small and have problems with some larger weapons.
You are somewhat resistant to further mutation.


Message History

You completely miss the jelly.
The jelly is lightly wounded.
You hit the jelly but do no damage. The acid corrodes you!
Your hands burn!
* * * LOW HITPOINT WARNING * * *
The jelly is lightly wounded.
The jelly hits you.
* * * LOW HITPOINT WARNING * * *
You are splashed with acid!
* * * LOW HITPOINT WARNING * * *
You hit the jelly but do no damage.
Your hands burn!
* * * LOW HITPOINT WARNING * * *
The jelly is lightly wounded.
The jelly misses you.
You hit the jelly. The acid corrodes you!
Your hands burn!
* * * LOW HITPOINT WARNING * * *
The jelly is lightly wounded.
The jelly hits you.
* * * LOW HITPOINT WARNING * * *
The acid corrodes you!
You are splashed with acid!
You die...

* *.#####.......#........,,,,,*
** *.......###..........#*****,*
,* *.......#.#..........#*****,*
,***,......#............+,,,,*,*
,,**,,.....#.#..........#***,*,*
*,**,****#..............# *,*,*
*,,*,* #...##'##......# *,*,*
**,*,* #.#.#..J#......# *,*,*
**,,,****#.#.#..@.......# *,*,*
,,,,,,,,,#.#.#...#......#***,*,*
,,,,,,,,,#.#.##+##........,,,*,*
,...>...,#..........$......,,,,*
,........#######....####.###****
.........# ###### *.#
.........### *.# .........+.#
*,* .........#.# *,*


You could see a jelly.

Vanquished Creatures
  A phantom (D:3)
  An ogre (D:3)
  2 orc priests (D:4)
  An iguana (D:4)
  A worker ant (D:4)
  2 hound skeletons (D:4)
  6 mummies (Ossuary)
  4 adders
  2 oozes (D:2)
  An adder skeleton (D:4)
  4 worms
  4 leopard geckos
  15 orcs
  A ball python (D:1)
  7 bats
  4 giant cockroaches
  3 hobgoblins (D:1)
  8 jackals
  3 frilled lizards
  2 gnoll zombies (Ossuary)
  4 goblins
  A jackal skeleton (D:4)
  5 kobolds
  2 kobold zombies (Ossuary)
  4 orc zombies (Ossuary)
  5 rats
93 creatures vanquished.

Notes
Turn   | Place    | Note
-------+----------+-------------------------------------------
     0 | D:1      | Decritt the Halfling Monk began the quest for the Orb.
     0 | D:1      | Reached XP level 1. HP: 15/15 MP: 1/1
    88 | D:1      | Reached XP level 2. HP: 17/20 MP: 2/2
   302 | D:1      | Reached skill level 1 in Armour
   419 | D:1      | Reached skill level 4 in Short Blades
   641 | D:2      | Reached XP level 3. HP: 12/25 MP: 3/3
  1283 | D:2      | Reached XP level 4. HP: 29/31 MP: 4/4
  1480 | D:2      | Upgraded the game from 0.26-a0-774-g1415c89e12 to
                  | 0.26-a0-784-g51bffae0b1
  1612 | D:2      | Found a stormy altar of Qazlal.
  1911 | D:3      | Noticed an ogre
  1915 | D:3      | Killed an ogre
  1915 | D:3      | Reached skill level 5 in Short Blades
  1915 | D:3      | Reached XP level 5. HP: 36/36 MP: 5/5
  2297 | D:3      | Reached XP level 6. HP: 41/42 MP: 6/6
  2558 | D:4      | Found a staircase to the Ecumenical Temple.
  2567 | Temple   | Entered the Ecumenical Temple
  2790 | D:4      | Reached skill level 1 in Shields
  3000 | D:4      | Noticed a phantom
  3298 | D:3      | Killed a phantom
  3562 | D:4      | Reached XP level 7. HP: 34/46 MP: 7/7
  4039 | D:5      | Entered Level 5 of the Dungeon
  4039 | D:5      | Found Erev's Weapon Boutique.
  4044 | D:5      | Bought a +0 vampiric dagger for 96 gold pieces
  4063 | D:5      | Found a sand-covered staircase.
  4071 | Ossuary  | Entered an ossuary
  4167 | Ossuary  | Reached skill level 6 in Short Blades
  4507 | Ossuary  | HP: 1/47 [mummy (13)]
  4785 | D:5      | Splashed by a jelly's acid

Illustrated notes

Levels and vault maps discovered:
D:1:      elethiomel_arrival_quiet, layout_basic, st_stairs_14,
          patterned_corridor
D:2:      lemuel_upstairs_altar, layout_basic, nicolae_qazlal_general_emergency
D:3:      layout_loops_ring
D:4:      layout_cave_pools, minmay_temple_entry_grid
D:5:      layout_basic, eat_drink_and_be_merry_uskayaw, basic_altar,
          serial_shops, shop, nicolae_shop_window_shopping,
          nicolae_shop_crystal, nicolae_shop_trees, shop, enter_ossuary_2
Temple:   eino_temple_rhombus

Skill      XL: |  1  2  3  4  5  6  7 |
---------------+----------------------+-----
Armour         | 1 3 4 |  4.2
Short Blades   | 4 5 6 |  6.0
Fighting       | 3 |  3.7
Stealth        | 3 |  3.9
Shields        | 2 |  2.5
Dodging        | |  3.2

Action                   |  1- 3 |  4- 6 |  7- 9 || total
-------------------------+-------+-------+-------++-------
Melee: Short sword       |    92 |   264 |    45 ||   401
       Dagger            |       |       |   127 ||   127
  Use: Scroll            |       |     9 |     6 ||    15
       Potion            |       |       |     2 ||     2
 Stab: Sleeping          |     5 |     9 |     1 ||    15
Armor: Robe              |     9 |       |       ||     9
       Leather armour    |     4 |    35 |    15 ||    54
Dodge: Dodged            |    57 |   169 |    86 ||   312
Block: Buckler           |       |    48 |    44 ||    92

Table legend: (Time is in decaauts)
 A = Elapsed time spent in this place.
 B = Non-inter-level travel time spent in this place.
 C = Inter-level travel time spent in this place.
 D = Time resting spent in this place.
 E = Time spent auto-exploring this place.
 F = Levels seen in this place.
 G = Mean time per level.
                   A        B        C        D        E       F      G
               +--------+--------+--------+--------+--------+-----+--------+
         Total |   4709 |   4588 |    121 |    971 |   2629 |   7 |  672.7 |
       Dungeon |   4147 |   4035 |    112 |    698 |   2513 |   5 |  829.4 |
        Temple |    135 |    126 |      9 |      0 |    116 |   1 |  135.0 |
       Ossuary |    426 |    426 |      0 |    272 |      0 |   1 |  426.0 |
               +--------+--------+--------+--------+--------+-----+--------+

Top non-repeatable levels by time:
     D:3: 1331 daAuts
     D:2: 1104 daAuts
     D:4: 828 daAuts
     D:1: 587 daAuts
 Ossuary: 426 daAuts
     D:5: 294 daAuts
  Temple: 135 daAuts
